[ AOE2 MATCH · #476020186 ]
UnrankedBulgarians vs Vietnamese
[ REPLAY ANALYSIS · EXTRACTED FROM THE RECORDED GAME ]
Feudal
8:32
Castle
20:33
Imperial
40:43
| APM avg | 60.2 |
| APM peak | 94 |
| eAPM avg | 32.1 |
| Villagers / military | 135 / 115 |
Focus
⚔️ 39.6% · 🌾 60.4%
Militia ×87 · Konnik ×24 · Unknown (1105) ×4 · Monk ×2 · Mangonel ×1 · Battering Ram ×1
Feudal
14:12
Castle
18:23
Imperial
36:00
| APM avg | 50.1 |
| APM peak | 93 |
| eAPM avg | 30.7 |
| Villagers / military | 209 / 100 |
Focus
⚔️ 31.6% · 🌾 68.4%
Rattan Archer ×30 · Fire Lancer ×27 · Cavalry Archer ×18 · Petard ×6 · Trebuchet (Packed) ×6 · Monk ×5
Match map
Initial resources + every placement click. Lines = walls · curves = elevation contours. ◆ gold · ⬟ stone · ● berries · ✦ relic · ◌ wall gap
Your base· ✓ Closed at 20:33 · 31t walls · 3 gate(s)
OS+ | shiXo.#'s base· ✓ Closed at 18:23 · 4t walls · 3 gate(s)
Smoothed initial terrain · ◌ = detected wall gap · hover for details
Inputs per minute
— HGB - - OS+ | shiXo.#
Build order — HGB
First 150 of 460 actions detected
| 0:01 | Queue | Villager (Male) |
| 0:02 | Build | House |
| 0:02 | Queue | Villager (Male) |
| 0:03 | Build | House |
| 0:06 | Build | House |
| 0:20 | Queue | Villager (Male) |
| 0:29 | Queue | Villager (Male) |
| 1:45 | Queue | Villager (Male) |
| 1:48 | Queue | Villager (Male) |
| 1:54 | Build | Lumber Camp |
| 2:33 | Queue | Villager (Male) |
| 2:56 | Queue | Villager (Male) |
| 3:22 | Queue | Villager (Male) |
| 3:22 | Queue | Villager (Male) |
| 4:00 | Build | House |
| 4:03 | Queue | Villager (Male) |
| 4:03 | Queue | Villager (Male) |
| 4:25 | Queue | Villager (Male) |
| 4:40 | Build | Mill |
| 4:52 | Queue | Villager (Male) |
| 5:13 | Queue | Villager (Male) |
| 5:38 | Research | Loom |
| 6:22 | Research | Feudal Age |
| 6:40 | Build | Mining Camp |
| 7:18 | Build | House |
| 8:22 | Queue | Villager (Male) |
| 8:32 | Age | Feudal Age |
| 8:35 | Queue | Villager (Male) |
| 8:38 | Build | Watch Tower |
| 9:02 | Queue | Villager (Male) |
| 9:05 | Build | Palisade Wall |
| 9:07 | Build | Palisade Wall |
| 9:23 | Queue | Villager (Male) |
| 9:31 | Build | Palisade Wall |
| 9:32 | Build | Palisade Wall |
| 9:54 | Queue | Villager (Male) |
| 9:57 | Build | House |
| 10:00 | Build | Palisade Wall |
| 10:03 | Build | Watch Tower |
| 10:06 | Build | House |
| 10:09 | Build | Palisade Wall |
| 10:10 | Build | Palisade Wall |
| 10:14 | Build | Palisade Wall |
| 10:27 | Queue | Villager (Male) |
| 10:31 | Queue | Villager (Male) |
| 10:35 | Queue | Villager (Male) |
| 10:53 | Build | House |
| 11:01 | Build | Watch Tower |
| 11:12 | Build | Watch Tower |
| 11:21 | Build | Stone Wall |
| 11:24 | Build | Palisade Wall |
| 11:25 | Build | Palisade Wall |
| 11:28 | Build | Palisade Wall |
| 11:29 | Build | Palisade Wall |
| 11:45 | Queue | Villager (Male) |
| 11:47 | Build | House |
| 11:53 | Build | Farm |
| 11:54 | Build | Farm |
| 12:03 | Build | Watch Tower |
| 12:06 | Build | Stone Wall |
| 12:08 | Build | Stone Wall |
| 12:10 | Build | Stone Wall |
| 12:11 | Build | Palisade Wall |
| 12:12 | Build | Palisade Wall |
| 12:18 | Queue | Villager (Male) |
| 12:23 | Queue | Villager (Male) |
| 12:38 | Build | Farm |
| 12:59 | Queue | Villager (Male) |
| 13:05 | Build | Outpost |
| 13:08 | Build | House |
| 13:15 | Queue | Villager (Male) |
| 13:19 | Build | Palisade Wall |
| 13:21 | Build | Palisade Wall |
| 13:22 | Build | Palisade Wall |
| 13:32 | Queue | Villager (Male) |
| 13:35 | Build | Farm |
| 13:44 | Build | Stone Wall |
| 13:48 | Build | House |
| 13:51 | Build | Palisade Wall |
| 13:54 | Build | Palisade Wall |
| 14:03 | Queue | Villager (Male) |
| 14:34 | Queue | Villager (Male) |
| 14:46 | Build | House |
| 15:05 | Build | Mining Camp |
| 15:09 | Queue | Villager (Male) |
| 15:15 | Research | Town Watch |
| 15:25 | Build | Palisade Wall |
| 15:26 | Build | Stone Wall |
| 15:28 | Build | Stone Wall |
| 15:42 | Queue | Villager (Male) |
| 16:08 | Build | Market |
| 16:09 | Queue | Villager (Male) |
| 16:41 | Build | Blacksmith |
| 16:49 | Queue | Villager (Male) |
| 17:03 | Build | House |
| 17:06 | Build | Outpost |
| 17:24 | Build | Stone Wall |
| 17:25 | Build | Stone Wall |
| 17:44 | Build | Farm |
| 17:47 | Build | Farm |
| 17:53 | Research | Castle Age |
| 18:05 | Build | Farm |
| 18:31 | Build | Outpost |
| 19:17 | Build | Stone Wall |
| 19:18 | Build | Stone Wall |
| 19:26 | Build | House |
| 19:57 | Build | Outpost |
| 20:07 | Build | House |
| 20:20 | Research | Fletching |
| 20:33 | Age | Castle Age |
| 20:37 | Build | Krepost |
| 20:39 | Queue | Villager (Male) |
| 20:40 | Build | Siege Workshop |
| 20:54 | Research | Double-Bit Axe |
| 20:54 | Research | Double-Bit Axe |
| 20:56 | Queue | Villager (Male) |
| 21:10 | Queue | Mangonel |
| 21:16 | Research | Bodkin Arrow |
| 21:35 | Queue | Villager (Male) |
| 21:41 | Build | Outpost |
| 21:45 | Build | Farm |
| 22:09 | Build | Farm |
| 22:12 | Queue | Konnik |
| 22:17 | Build | Outpost |
| 22:34 | Build | Krepost |
| 22:41 | Build | Palisade Gate |
| 22:53 | Build | Outpost |
| 22:53 | Queue | Villager (Male) |
| 22:55 | Build | Farm |
| 22:59 | Build | Farm |
| 23:02 | Queue | Villager (Male) |
| 23:39 | Build | Mining Camp |
| 23:39 | Queue | Villager (Male) |
| 23:47 | Queue | Villager (Male) |
| 24:02 | Build | Gate |
| 24:05 | Build | Farm |
| 24:22 | Queue | Villager (Male) |
| 24:28 | Queue | Konnik |
| 25:10 | Queue | Konnik |
| 25:13 | Queue | Villager (Male) |
| 25:13 | Queue | Villager (Male) |
| 25:27 | Queue | Villager (Male) |
| 25:43 | Build | Krepost |
| 25:45 | Queue | Konnik |
| 25:51 | Queue | Konnik |
| 25:51 | Queue | Konnik |
| 25:59 | Build | House |
| 26:16 | Queue | Villager (Male) |
| 26:31 | Queue | Villager (Male) |
| 26:36 | Queue | Villager (Male) |
Build order — OS+ | shiXo.#
First 150 of 454 actions detected
| 0:00 | Queue | Villager (Male) |
| 0:01 | Build | House |
| 0:02 | Build | House |
| 0:16 | Queue | Villager (Male) |
| 0:23 | Queue | Villager (Male) |
| 0:24 | Queue | Villager (Male) |
| 1:28 | Queue | Villager (Male) |
| 2:01 | Queue | Villager (Male) |
| 2:01 | Queue | Villager (Male) |
| 2:03 | Queue | Villager (Male) |
| 2:47 | Queue | Villager (Male) |
| 2:51 | Queue | Villager (Male) |
| 2:51 | Queue | Villager (Male) |
| 3:00 | Build | Lumber Camp |
| 3:20 | Queue | Villager (Male) |
| 3:20 | Queue | Villager (Male) |
| 4:19 | Queue | Villager (Male) |
| 4:21 | Queue | Villager (Male) |
| 4:32 | Queue | Villager (Male) |
| 4:38 | Build | House |
| 4:57 | Build | House |
| 5:00 | Queue | Villager (Male) |
| 5:30 | Build | Mill |
| 5:36 | Queue | Villager (Male) |
| 6:08 | Queue | Villager (Male) |
| 7:14 | Build | Mill |
| 7:23 | Queue | Villager (Male) |
| 7:44 | Queue | Villager (Male) |
| 7:57 | Build | House |
| 8:17 | Queue | Villager (Male) |
| 8:19 | Research | Feudal Age |
| 8:39 | Research | Loom |
| 8:40 | Queue | Villager (Male) |
| 8:50 | Queue | Villager (Male) |
| 9:15 | Queue | Villager (Male) |
| 9:20 | Queue | Villager (Male) |
| 9:40 | Queue | Villager (Male) |
| 9:53 | Queue | Villager (Male) |
| 9:54 | Queue | Villager (Male) |
| 10:01 | Build | Palisade Wall |
| 10:01 | Build | Palisade Wall |
| 10:13 | Queue | Villager (Male) |
| 10:13 | Queue | Villager (Male) |
| 10:13 | Queue | Villager (Male) |
| 10:21 | Queue | Villager (Male) |
| 10:34 | Queue | Villager (Male) |
| 10:34 | Queue | Villager (Male) |
| 10:37 | Queue | Villager (Male) |
| 10:42 | Queue | Villager (Male) |
| 10:43 | Build | Farm |
| 10:43 | Build | Farm |
| 10:43 | Build | Farm |
| 10:45 | Queue | Villager (Male) |
| 10:45 | Queue | Villager (Male) |
| 10:45 | Queue | Villager (Male) |
| 11:12 | Build | Palisade Wall |
| 11:14 | Queue | Villager (Male) |
| 11:16 | Build | Farm |
| 11:21 | Research | Feudal Age |
| 11:21 | Research | Feudal Age |
| 11:36 | Queue | Villager (Male) |
| 11:36 | Queue | Villager (Male) |
| 12:01 | Build | Farm |
| 12:03 | Build | Mining Camp |
| 12:07 | Queue | Villager (Male) |
| 12:20 | Build | Palisade Wall |
| 12:27 | Queue | Villager (Male) |
| 12:28 | Queue | Villager (Male) |
| 12:28 | Queue | Villager (Male) |
| 12:36 | Build | Farm |
| 12:36 | Build | Farm |
| 12:51 | Queue | Villager (Male) |
| 13:12 | Build | Farm |
| 13:24 | Build | House |
| 14:12 | Age | Feudal Age |
| 14:14 | Build | Market |
| 14:30 | Build | Blacksmith |
| 14:33 | Build | Blacksmith |
| 14:42 | Research | Double-Bit Axe |
| 14:50 | Build | Stone Wall |
| 14:50 | Build | Stone Wall |
| 14:55 | Build | Stone Wall |
| 14:55 | Build | Stone Wall |
| 15:43 | Research | Castle Age |
| 15:43 | Research | Castle Age |
| 15:57 | Build | Mining Camp |
| 15:59 | Queue | Villager (Male) |
| 16:00 | Queue | Villager (Male) |
| 16:05 | Research | Horse Collar |
| 16:06 | Research | Horse Collar |
| 16:15 | Build | Farm |
| 16:17 | Build | Farm |
| 16:23 | Build | House |
| 16:27 | Build | Mill |
| 16:30 | Queue | Villager (Male) |
| 16:41 | Research | Wheelbarrow |
| 17:36 | Build | Barracks |
| 17:38 | Build | Barracks |
| 18:23 | Age | Castle Age |
| 18:24 | Queue | Fire Lancer |
| 18:26 | Build | Siege Workshop |
| 18:27 | Research | Bow Saw |
| 18:29 | Queue | Villager (Male) |
| 18:40 | Build | Town Center |
| 18:52 | Queue | Fire Lancer |
| 18:53 | Queue | Villager (Male) |
| 19:17 | Queue | Mangonel |
| 19:17 | Queue | Mangonel |
| 19:44 | Queue | Fire Lancer |
| 19:45 | Queue | Villager (Male) |
| 20:00 | Queue | Villager (Male) |
| 20:17 | Queue | Villager (Male) |
| 20:25 | Build | Lumber Camp |
| 20:55 | Build | Farm |
| 21:13 | Build | Monastery |
| 21:31 | Queue | Villager (Male) |
| 21:33 | Queue | Fire Lancer |
| 21:35 | Queue | Fire Lancer |
| 21:42 | Queue | Villager (Male) |
| 21:49 | Queue | Mangonel |
| 21:50 | Queue | Villager (Male) |
| 21:51 | Queue | Villager (Male) |
| 21:54 | Build | Farm |
| 21:55 | Build | Farm |
| 21:56 | Queue | Fire Lancer |
| 22:03 | Build | House |
| 22:05 | Build | House |
| 22:11 | Queue | Villager (Male) |
| 22:11 | Queue | Villager (Male) |
| 22:21 | Queue | Monk |
| 22:22 | Queue | Monk |
| 22:55 | Queue | Villager (Male) |
| 22:55 | Queue | Villager (Male) |
| 23:04 | Queue | Villager (Male) |
| 23:04 | Queue | Villager (Male) |
| 23:27 | Queue | Villager (Male) |
| 23:35 | Build | Farm |
| 23:37 | Queue | Villager (Male) |
| 23:50 | Queue | Villager (Male) |
| 23:57 | Build | Town Center |
| 24:00 | Queue | Battering Ram |
| 24:00 | Queue | Battering Ram |
| 24:01 | Queue | Fire Lancer |
| 24:01 | Queue | Fire Lancer |
| 24:05 | Queue | Villager (Male) |
| 24:06 | Queue | Villager (Male) |
| 24:13 | Build | House |
| 24:14 | Build | House |
| 24:20 | Build | Farm |
| 24:21 | Build | Farm |
Match timeline
| 8:32 | HGB · age_up feudal |
| 9:05 | HGB · wall_segment Palisade Wall x1 |
| 9:07 | HGB · wall_segment Palisade Wall x1 |
| 9:31 | HGB · wall_segment Palisade Wall x1 |
| 9:32 | HGB · wall_segment Palisade Wall x1 |
| 10:00 | HGB · wall_segment Palisade Wall x1 |
| 10:01 | OS+ | shiXo.# · wall_segment Palisade Wall x1 |
| 10:01 | OS+ | shiXo.# · wall_segment Palisade Wall x1 |
| 10:09 | HGB · wall_segment Palisade Wall x1 |
| 10:10 | HGB · wall_segment Palisade Wall x1 |
| 10:14 | HGB · wall_segment Palisade Wall x1 |
| 11:12 | OS+ | shiXo.# · wall_segment Palisade Wall x2 |
| 11:21 | HGB · wall_segment Stone Wall x1 |
| 11:24 | HGB · wall_segment Palisade Wall x1 |
| 11:25 | HGB · wall_segment Palisade Wall x1 |
| 11:28 | HGB · wall_segment Palisade Wall x1 |
| 11:29 | HGB · wall_segment Palisade Wall x1 |
| 12:06 | HGB · wall_segment Stone Wall x1 |
| 12:08 | HGB · wall_segment Stone Wall x1 |
| 12:10 | HGB · wall_segment Stone Wall x1 |
| 12:11 | HGB · wall_segment Palisade Wall x1 |
| 12:12 | HGB · wall_segment Palisade Wall x1 |
| 12:20 | OS+ | shiXo.# · wall_segment Palisade Wall x1 |
| 13:19 | HGB · wall_segment Palisade Wall x1 |
| 13:21 | HGB · wall_segment Palisade Wall x1 |
| 13:22 | HGB · wall_segment Palisade Wall x1 |
| 13:44 | HGB · wall_segment Stone Wall x1 |
| 13:51 | HGB · wall_segment Palisade Wall x1 |
| 13:54 | HGB · wall_segment Palisade Wall x1 |
| 14:12 | OS+ | shiXo.# · age_up feudal |
| 14:50 | OS+ | shiXo.# · wall_segment Stone Wall x1 |
| 14:50 | OS+ | shiXo.# · wall_segment Stone Wall x1 |
| 14:55 | OS+ | shiXo.# · wall_segment Stone Wall x1 |
| 14:55 | OS+ | shiXo.# · wall_segment Stone Wall x1 |
| 15:25 | HGB · wall_segment Palisade Wall x1 |
| 15:26 | HGB · wall_segment Stone Wall x1 |
| 15:28 | HGB · wall_segment Stone Wall x1 |
| 16:11 | OS+ | shiXo.# · first_market_buy 100 food |
| 17:18 | HGB · first_market_buy 100 food |
| 17:18 | HGB · first_market_sell 100 stone |
| 17:24 | HGB · wall_segment Stone Wall x1 |
| 17:25 | HGB · wall_segment Stone Wall x1 |
| 17:36 | OS+ | shiXo.# · first_building Barracks |
| 18:04 | OS+ | shiXo.# · first_market_sell 100 stone |
| 18:23 | OS+ | shiXo.# · age_up castle |
| 18:26 | OS+ | shiXo.# · first_building Siege Workshop |
| 19:17 | HGB · wall_segment Stone Wall x2 |
| 19:18 | HGB · wall_segment Stone Wall x1 |
| 20:33 | HGB · age_up castle |
| 20:37 | HGB · first_building Krepost |
| 20:40 | HGB · first_building Siege Workshop |
| 21:13 | OS+ | shiXo.# · first_building Monastery |
| 25:07 | OS+ | shiXo.# · first_building Castle |
| 29:00 | HGB · first_building Monastery |
| 36:00 | OS+ | shiXo.# · age_up imperial |
| 38:23 | HGB · first_building Barracks |
| 39:10 | HGB · first_building Stable |
| 40:43 | HGB · age_up imperial |
| 42:50 | OS+ | shiXo.# · first_building Archery Range |
| 45:55 | OS+ | shiXo.# · wall_segment Stone Wall x1 |
| 46:02 | OS+ | shiXo.# · resign |
[ AI ANALYSIS · 1 CREDIT ]
What really happened in this match?
Wolo.gg analyzes every decision: build order, eco, micro, common mistakes by bracket. Personalized analysis on WhatsApp or Discord in 30 seconds.
Civ guide
Bulgarians
Perfil
Jugador #4412109